 Dungeon Crawl Stone Soup version 0.28.0 (webtiles) character file.

Game seed: 18296558021535922764

129 chmiii the Sneak (level 5, -6/34 HPs)
             Began as an Octopode Hedge Wizard on Feb 18, 2022.
             Mangled by an orc priest (7 damage)
             ... on level 3 of the Dungeon.
             The game lasted 00:09:53 (3195 turns).

chmiii the Sneak (Octopode Hedge Wizard)            Turns: 3195, Time: 00:09:54

Health: -6/34      AC:  1    Str:  9    XL:     5   Next: 12%
Magic:  5/10       EV: 13    Int: 19    God:
Gold:   56         SH:  0    Dex: 11    Spells: 9/10 levels left

rFire   . . .      SeeInvis .   a - +0 dagger
rCold   . . .      Faith    .   (no shield)
rNeg    . . .      Spirit   .   b - +0 hat
rPois   .          Reflect  .   (no amulet)
rElec   .          Harm     .   (no ring)
rCorr   .          Rampage  .   (no ring)
Will    .....                   (no ring)
Stlth   +++.......              (no ring)
HPRegen 0.11/turn               (no ring)
MPRegen 0.12/turn               (no ring)
                                (no ring)
                                (no ring)

@: no status effects
A: almost no armour, amphibious, 8 rings, camouflage 1, gelatinous body 1,
(nimble swimmer 1), tentacles
a: no special abilities


You were on level 3 of the Dungeon.
You visited 1 branch of the dungeon, and saw 3 of its levels.

You collected 56 gold pieces.

Inventory:

Hand Weapons
 a - a +0 dagger (weapon)
 h - a +0 hunting sling
Missiles
 k - 2 boomerangs
Armour
 b - a +0 hat (worn)
Magical Staves
 l - a staff of air
Jewellery
 e - a ring of protection from fire
Scrolls
 d - a scroll of vulnerability {unknown}
 f - 2 scrolls of magic mapping {unknown}
 j - a scroll of immolation {unknown}
Potions
 c - a potion of attraction {unknown}
 g - a potion of heal wounds {unknown}
 i - a potion of curing {unknown}


   Skills:
 + Level 1.6 Fighting
 + Level 1.6 Short Blades
 - Level 2.0 Dodging
 + Level 3.7 Stealth
 + Level 3.3 Spellcasting
 + Level 2.1 Conjurations
 - Level 1.0 Summonings
 + Level 2.0 Translocations


You had 9 spell levels left.
You knew the following spells:

 Your Spells              Type           Power      Damage    Failure   Level
a - Magic Dart            Conj           44%        1d5       6%          1

Your spell library contained the following spells:

 Spells                   Type           Power      Damage    Failure   Level
 Blink                    Tloc           22%        N/A       10%         2
 Slow                     Hex            12%        N/A       14%         1
 Call Imp                 Summ           7%         N/A       14%         2
 Conjure Flame            Conj/Fire      7%         6-21      28%         3
 Mephitic Cloud           Conj/Pois/Air  5%         N/A       32%         3


Dungeon Overview and Level Annotations

Branches:
Dungeon (3/15)

Altars:


Innate Abilities, Weirdness & Mutations

You cannot wear most types of armour.
You are amphibious.
You can wear up to eight rings at the same time.
Your skin changes colour to match your surroundings (Stealth+).
Your rubbery body absorbs attacks. (AC +1, EV +1)
((You are camouflaged when in or above water. (Stealth+)))
You have tentacles for arms and can constrict up to eight enemies at once.


Message History

You hit the orc priest. You grab the orc priest. You squeeze the orc priest.
The orc priest is moderately wounded.
You constrict the orc priest, but do no damage.
The orc priest barely misses you.
You hit the orc priest but do no damage.
The orc priest is moderately wounded.
You constrict the orc priest, but do no damage.
The orc priest closely misses you.
You hit the orc priest but do no damage.
You squeeze the orc priest, but do no damage.
The orc priest is moderately wounded.
You constrict the orc priest, but do no damage.
The orc priest invokes the aid of Beogh against you.
Pain shoots through your body!
* * * LOW HITPOINT WARNING * * *
You are too injured to fight recklessly!
You are too injured to fight recklessly!
Aiming: Magic Dart (safe; 6% risk of failure)
Press: ? - help, Q - select action, (/) - cycle Shift-Dir - straight line, f - orc priest
Aim: an orc priest, wielding a +0 short sword and wearing a +0 scale mail (moderately wounded, constricted by you, 100% to hit)
The magic dart hits the orc priest but does no damage.
The orc priest is moderately wounded.
You constrict the orc priest, but do no damage.
The orc priest closely misses you.
Aiming: Magic Dart (safe; 6% risk of failure)
Press: ? - help, Q - select action, (/) - cycle Shift-Dir - straight line, f/p - orc priest
Aim: an orc priest, wielding a +0 short sword and wearing a +0 scale mail (moderately wounded, constricted by you, 100% to hit)
The magic dart hits the orc priest but does no damage.
The orc priest is moderately wounded.
You constrict the orc priest, but do no damage.
The orc priest hits you with a +0 short sword.
* * * LOW HITPOINT WARNING * * *
Aiming: Magic Dart (safe; 6% risk of failure)
Press: ? - help, Q - select action, (/) - cycle Shift-Dir - straight line, f/p - orc priest
Aim: an orc priest, wielding a +0 short sword and wearing a +0 scale mail (moderately wounded, constricted by you, 100% to hit)
The magic dart hits the orc priest but does no damage.
The orc priest is moderately wounded.
You constrict the orc priest.
The orc priest hits you with a +0 short sword!
You die...

#......#
####o.....#
#.........+
#o##......#
#.##......#
#######.##†.....#
#)..o)..##......#
#o########......#
#@.# ########
#..# #..# #..#
#..# #... #...
#...#


You could see an orc priest.

Vanquished Creatures
  An orc wizard (D:3)
  3 adders (D:2)
  A gnoll (D:1)
  3 worms (D:2)
  A dart slug (D:3)
  An orc (D:3)
  3 bats
  3 endoplasms
  2 giant cockroaches
  3 goblins (D:1)
  4 hobgoblins
  7 jackals (D:1)
  5 quokkas
  8 ball pythons
  4 frilled lizards (D:1)
  3 kobolds
  2 rats (D:2)
54 creatures vanquished.

Notes
Turn   | Place    | Note
-------+----------+-------------------------------------------
     0 | D:1      | chmiii the Octopode Hedge Wizard began the quest for the
                  | Orb.
     0 | D:1      | Reached XP level 1. HP: 11/11 MP: 4/4
   328 | D:1      | Reached XP level 2. HP: 18/18 MP: 0/6
  1058 | D:1      | Reached XP level 3. HP: 20/22 MP: 5/7
  1343 | D:1      | Reached skill level 1 in Short Blades
  1348 | D:1      | Reached skill level 1 in Fighting
  1748 | D:2      | Reached XP level 4. HP: 28/28 MP: 4/8
  2844 | D:3      | Identified the +6 spear of Chance {flame, rC+ rCorr}
  3189 | D:3      | Reached XP level 5. HP: 31/34 MP: 8/10
  3194 | D:3      | HP: 1/34 [orc priest (5)]
  3195 | D:3      | Mangled by an orc priest

Illustrated notes

Levels and vault maps discovered:
D:1:      dpeg_arrival_prison, layout_loops_cross, minmay_misc_feat_enclosed
D:2:      layout_loops_corners
D:3:      layout_basic, gup_sewer_entry_bubbles, st_stairs_9,
          grunt_ministairs_5, nrook_mini_backslash, uniq_crazy_yiuf_cottage

Skill      XL: |  1  2  3  4 |
---------------+-------------+-----
Stealth        | 3 |  3.7
Short Blades   | 1 |  1.6
Fighting       | 1 |  1.6
Translocations | 2 |  2.0
Conjurations   | 2 |  2.1
Dodging        | |  2.0
Spellcasting   | |  3.3
Summonings     | |  1.0

Action                   |  1- 3 |  4- 6 || total
-------------------------+-------+-------++-------
Melee: Dagger            |    56 |    42 ||    98
       Tentacles         |    18 |    15 ||    33
       Constrict         |    12 |    12 ||    24
       Punch             |     2 |       ||     2
 Cast: Magic Dart        |    51 |    25 ||    76
 Stab: Sleeping          |     6 |     2 ||     8
Armor: Skin              |     7 |     1 ||     8
Dodge: Dodged            |    53 |    27 ||    80
